 Dungeon Crawl Stone Soup version 0.28-a0-563-gf77a47075d (webtiles) character file.

Game seed: 7233404927259411662

690 lunkers the Ruffian (level 7, 0/71 HPs)
             Began as a Troll Cinder Acolyte on Sept 29, 2021.
             Was a High Priest of Ignis.
             Slain by an orc (2 damage)
             ... on level 4 of the Dungeon.
             The game lasted 00:08:58 (2853 turns).

lunkers the Ruffian (Troll Cinder Acolyte)          Turns: 2853, Time: 00:08:58

Health: 0/71       AC:  8    Str: 26    XL:     7   Next: 36%
Magic:  7/7        EV:  9    Int: 10    God:    Ignis [*****.]
Gold:   251        SH:  0    Dex:  7    Spells: 8/8 levels left

rFire   + + .      SeeInvis .     - Unarmed
rCold   . . .      Faith    .   (no shield)
rNeg    . . .      Spirit   .   w - +2 robe of the Trombone {rF+ Str+3}
rPois   .          Reflect  .   p - +1 hat
rElec   .          Harm     .   x - +0 cloak
rCorr   .          Rampage  .   (gloves unavailable)
Will    .....                   (boots unavailable)
Stlth   +.........              f - amulet of regeneration
HPRegen 2.21/turn               (no ring)
MPRegen 0.10/turn               (no ring)

@: mighty, lethally poisoned (0 -> -1)
A: large, unfitting armour, claws 3, regeneration 1, shaggy fur 1, tough skin 1
a: Renounce Religion, Sea of Fire, Foxfire Swarm, Rising Flame


You were on level 4 of the Dungeon.
You worshipped Ignis.
Ignis was extremely pleased with you.
You visited 1 branch of the dungeon, and saw 5 of its levels.

You collected 251 gold pieces.

Inventory:

Missiles
 a - a boomerang
 c - 6 javelins
 e - 88 stones
 r - 36 sling bullets
 v - 16 poisoned darts (quivered)
Armour
 p - a +1 hat (worn)
 w - the +2 robe of the Trombone (worn) {rF+ Str+3}
   (You found it on level 4 of the Dungeon)

   Str:       It affects your strength (+3).
   rF:        It protects you from fire.
 x - a +0 cloak (worn)
Jewellery
 f - an amulet of regeneration (around neck)
Wands
 q - a wand of acid (12)
 t - a wand of iceblast (12)
Scrolls
 b - 3 scrolls of identify {unknown}
 g - a scroll of enchant weapon {unknown}
 h - a scroll of noise {unknown}
 i - a scroll of immolation {unknown}
 k - 2 scrolls of teleportation
 m - a scroll of amnesia
 o - a scroll of brand weapon {unknown}
 s - a scroll of holy word {unknown}
Potions
 j - a potion of lignification {unknown}
 l - a potion of might
 n - a potion of mutation {unknown}
 u - a potion of brilliance {unknown}


   Skills:
 + Level 4.3 Fighting
 * Level 7.0 Unarmed Combat
 - Level 1.0 Spellcasting
 - Level 2.1 Fire Magic
 + Level 1.4 Evocations


You had 8 spell levels left.
You didn't know any spells.
Your spell library contained the following spells:

 Spells                   Type           Power      Damage    Failure   Level
 Scorch                   Fire           8%         2d5       22%         2


Dungeon Overview and Level Annotations

Branches:
Dungeon (5/15)
 Temple: D:4-7

Altars:
Cheibriados
Elyvilon
Okawaru
Ru
Uskayaw
Wu Jian
Xom
Yredelemnul

Shops:
D:2 *


Innate Abilities, Weirdness & Mutations

You are too large for most types of armour.
You have claws for hands.
Your natural rate of healing is unusually fast.
You are covered in fur. (AC +1)
You have tough skin. (AC +1)


Message History

The killer bee barely misses you.
The killer bee stings you but does no damage.
Something hits you but does no damage.
Unknown command.
It was a potion of heal wounds.
You feel much better.
You feel very sick.
The killer bee stings you but does no damage.
The killer bee barely misses you. The orc closely misses you.
The orc misses you.
The killer bee stings you but does no damage.
The killer bee closely misses you. Something hits you.
* * * LOW HITPOINT WARNING * * *
Unknown command.
You claw the orc!
You kill the orc!
You feel very sick. The killer bee stings you.
* * * LOW HITPOINT WARNING * * *
The killer bee closely misses you. The orc barely misses you.
The killer bee barely misses you. The killer bee stings you.
* * * LOW HITPOINT WARNING * * *
You are more poisoned.
The killer bee poisons you!
You feel very sick. The killer bee closely misses you.
The killer bee misses you. x2
Things that are here:
a +0 hand axe; an orc corpse Unknown command.
Your surroundings seem slightly different.
You feel very sick. The killer bee closely misses you.
The killer bee barely misses you.
Things that are here:
a +0 leather armour; a +0 hand axe Unknown command.
You mangle the killer bee!!
You kill the killer bee!
You feel sick. The killer bee stings you.
* * * LOW HITPOINT WARNING * * *
The orc hits you with a +0 club.
You die...

#.######..#.#####.#.#
#...........#####.#.#
#########.........#.#
##.......)..#
#......[.###
#...§...[# #..).....#
#†>y.....# ##o@.....#
#########


You could see a killer bee and an orc.

Vanquished Creatures
  Eustachio (D:4)
  A black bear (D:4)
  A scorpion (D:4)
  3 killer bees (D:4)
  2 iguanas (D:4)
  Ijyb (D:4)
  4 adders
  8 gnolls
  4 worms
  5 dart slugs
  16 orcs
  8 ball pythons
  5 bats
  5 endoplasms
  3 giant cockroaches
  5 goblins
  5 hobgoblins
  5 jackals
  2 quokkas (D:1)
  2 frilled lizards
  6 kobolds
  5 rats
97 creatures vanquished.

Notes
Turn   | Place    | Note
-------+----------+-------------------------------------------
     0 | D:1      | lunkers the Troll Cinder Acolyte began the quest for the
                  | Orb.
     0 | D:1      | Reached XP level 1. HP: 22/22 MP: 1/1
    54 | D:1      | Reached XP level 2. HP: 29/29 MP: 2/2
   488 | D:1      | Found a faded altar of an unknown god.
   898 | D:2      | Reached XP level 3. HP: 36/36 MP: 3/3
   946 | D:2      | Reached skill level 4 in Unarmed Combat
   985 | D:2      | Reached XP level 4. HP: 39/45 MP: 4/4
  1341 | D:2      | Found Voxez's General Store.
  1592 | D:3      | Reached skill level 5 in Unarmed Combat
  1599 | D:3      | Reached XP level 5. HP: 52/53 MP: 5/5
  1969 | D:4      | Noticed Ijyb
  1971 | D:4      | Noticed a black bear
  1979 | D:4      | Killed Ijyb
  1986 | D:4      | Killed a black bear
  1987 | D:4      | Reached skill level 6 in Unarmed Combat
  1987 | D:4      | Reached XP level 6. HP: 50/62 MP: 6/6
  2152 | D:4      | Found a sacrificial altar of Ru.
  2155 | D:4      | Found a shimmering altar of Xom.
  2167 | D:4      | Found a hide-covered altar of Uskayaw.
  2167 | D:4      | Found an iron altar of Okawaru.
  2173 | D:4      | Found a white marble altar of Elyvilon.
  2173 | D:4      | Found a basalt altar of Yredelemnul.
  2175 | D:4      | Found a snail-covered altar of Cheibriados.
  2267 | D:4      | Identified the +2 robe of the Trombone {rF+ Str+3}
  2573 | D:4      | Found an ornate altar of the Wu Jian Council.
  2714 | D:4      | Noticed Eustachio
  2723 | D:4      | Killed Eustachio
  2724 | D:4      | Reached skill level 1 in Evocations
  2724 | D:4      | Reached XP level 7. HP: 59/70 MP: 7/7
  2825 | D:5      | Entered Level 5 of the Dungeon
  2837 | D:4      | Reached skill level 7 in Unarmed Combat
  2848 | D:4      | HP: 2/71 [poisoned by a killer bee]
  2853 | D:4      | HP: 2/71 [killer bee (2)]
  2853 | D:4      | Slain by an orc

Illustrated notes

Levels and vault maps discovered:
D:1:      dpeg_arrival_simpleton_a, layout_loops_ring,
          shapermc_ecumenical_altar_mp_highgroup, minmay_three_crescents
D:2:      layout_loops_ring, serial_shops, shop, kennysheep_small_spiral,
          minmay_misc_feat_five
D:3:      layout_rooms, kennysheep_generic_room_12
D:4:      layout_basic, grunt_temple_overflow_open,
          nicolae_wu_jian_immortal_techniques, uniq_eustachio, uniq_ijyb
D:5:      layout_basic, lemuel_coloured_pillars_altar, uniq_pikel, uniq_sigmund,
          uniq_edmund

Skill      XL: |  1  2  3  4  5  6  7 |
---------------+----------------------+-----
Unarmed Combat | 4 5 6 7 |  7.0
Fighting       | 3 4 |  4.3
Evocations     | 1 |  1.4
Spellcasting   | |  1.0
Fire Magic     | |  2.1

Action                   |  1- 3 |  4- 6 |  7- 9 || total
-------------------------+-------+-------+-------++-------
Melee: Unarmed           |    71 |   194 |    18 ||   283
       Punch             |     1 |     3 |       ||     4
Throw: Stone             |    12 |    25 |       ||    37
       Dart              |       |    25 |       ||    25
  Use: Scroll            |       |     2 |     1 ||     3
       Potion            |       |       |     2 ||     2
Armor: Robe              |    31 |    92 |    28 ||   151
Dodge: Dodged            |    29 |   114 |    45 ||   188

Table legend: (Time is in decaauts)
 A = Elapsed time spent in this place.
 B = Non-inter-level travel time spent in this place.
 C = Inter-level travel time spent in this place.
 D = Time resting spent in this place.
 E = Time spent auto-exploring this place.
 F = Levels seen in this place.
 G = Mean time per level.
                   A        B        C        D        E       F      G
               +--------+--------+--------+--------+--------+-----+--------+
         Total |   2833 |   2740 |     93 |      0 |   2016 |   5 |  566.6 |
       Dungeon |   2833 |   2740 |     93 |      0 |   2016 |   5 |  566.6 |
               +--------+--------+--------+--------+--------+-----+--------+

Top non-repeatable levels by time:
     D:4: 895 daAuts
     D:2: 744 daAuts
     D:1: 711 daAuts
     D:3: 476 daAuts
     D:5: 6 daAuts
